 Dungeon Crawl Stone Soup version 0.17-a0-1910-g4c791fa (webtiles) character file.

230 ololoev the Chopper (level 6, 0/56 HPs)
             Began as a Hill Orc Fighter on Sept 25, 2015.
             Slain by Edmund
             ... wielding a +0 dire flail
              (5 damage)
             ... on level 4 of the Dungeon.
             The game lasted 00:03:55 (523 turns).

ololoev the Chopper (Hill Orc Fighter)               Turns: 523, Time: 00:03:55

Health: 0/56       AC:  7    Str: 21    XL:     6   Next: 3%
Magic:  0/6        EV:  7    Int:  8    God:
Gold:   46         SH:  9    Dex: 10    Spells: 0 memorised, 5 levels left

rFire  . . .     SeeInvis .     a - +0 war axe
rCold  . . .     Clarity  .     b - +0 scale mail
rNeg   . . .     SustAt   .     c - +0 shield
rPois  .         Gourm    .     (no helmet)
rElec  .         Spirit   +     (no cloak)
rCorr  .         Warding  .     (no gloves)
rMut   .         Stasis   .     (no boots)
MR     .....                    f - amulet of guardian spirit
Stlth  ..........               (no ring)
                                i - ring of wizardry

@: not resistant to hostile enchantments, extremely unstealthy
A: no striking features
a: no special abilities

Inventory:

Hand weapons
 a - a +0 war axe (weapon)
Armour
 b - a +0 scale mail (worn)
 c - a +0 shield (worn)
Jewellery
 f - an amulet of guardian spirit (around neck)
 i - a ring of wizardry (left hand)
Scrolls
 g - a scroll of noise {unknown}
Comestibles
 d - a royal jelly
 e - 2 bread rations


   Skills:
 + Level 5.1 Fighting
 * Level 5.7 Axes
 + Level 4.6 Armour
 - Level 3.2 Shields


You had 5 spell levels left.
You didn't know any spells.


You were on level 4 of the Dungeon.
You were not hungry.

You visited 1 branch of the dungeon, and saw 4 of its levels.

You collected 46 gold pieces.

##.. ##..#
###...#
...... #...#
#..#
#..#####..#
#...<.....#
#@#######...
#..@#
#.....#
#.?.....#
#.........#
+.........+
#.........#
##.......##

Notes
Turn   | Place    | Note
--------------------------------------------------------------
     0 | D:1      | ololoev the Hill Orc Fighter began the quest for the Orb.
     0 | D:1      | Reached XP level 1. HP: 19/19 MP: 1/1
   178 | D:1      | Reached skill level 4 in Fighting
   178 | D:1      | Reached XP level 2. HP: 27/27 MP: 2/2
   244 | D:3      | Found Zin's Purification Station.
   254 | D:3      | Found a glowing silver altar of Zin.
   261 | D:3      | Reached XP level 3. HP: 31/33 MP: 3/3
   352 | D:3      | Found a radiant altar of Vehumet.
   355 | D:3      | Found a stormy altar of Qazlal.
   355 | D:3      | Noticed Sigmund
   369 | D:3      | Killed Sigmund
   369 | D:3      | Reached skill level 5 in Fighting
   369 | D:3      | Reached skill level 5 in Axes
   369 | D:3      | Reached XP level 4. HP: 17/42 MP: 2/4
   369 | D:3      | Reached XP level 5. HP: 19/48 MP: 2/5
   419 | D:4      | Reached XP level 6. HP: 28/56 MP: 6/6
   425 | D:4      | Noticed Pikel
   425 | D:4      | Noticed a slave
   425 | D:4      | Noticed a slave
   426 | D:4      | Noticed a slave
   430 | D:4      | Noticed a slave
   508 | D:4      | Noticed Edmund
   523 | D:4      | Slain by Edmund

Dungeon Overview and Level Annotations

Branches:
Dungeon (4/15)
 Temple: D:4-7

Altars:
Qazlal
Vehumet
Zin

Shops:
D:3 *

Annotations:
D:4 Edmund, Pikel


Message History

Edmund is lightly wounded.
Edmund hits you with a dire flail.
You hit Edmund.
Edmund is moderately wounded.
Edmund hits you with a dire flail!
You hit Edmund but do no damage.
Edmund is moderately wounded.
Edmund hits you with a dire flail. You block Edmund's attack.
You closely miss Edmund.
Edmund is moderately wounded.
Edmund hits you with a dire flail!
You hit Edmund but do no damage.
Edmund is moderately wounded.
Edmund hits you but does no damage.
You completely miss Edmund.
Edmund is moderately wounded.
Edmund barely misses you.
You hit Edmund but do no damage.
Edmund is moderately wounded.
You block Edmund's attack.
You barely miss Edmund.
Edmund is moderately wounded.
Edmund barely misses you.
You closely miss Edmund.
Edmund is moderately wounded.
You block Edmund's attack. x2
Your shield and scale mail prevent you from hitting Edmund.
Edmund is moderately wounded.
You block Edmund's attack.
You hit Edmund but do no damage.
Edmund is moderately wounded.
Edmund hits you but does no damage.
Your magical contamination has completely faded away.
You barely miss Edmund.
Edmund is moderately wounded.
You block Edmund's attack.
You hit Edmund but do no damage.
Edmund is moderately wounded.
Edmund hits you with a dire flail!
You die...

You could see Edmund.

Vanquished Creatures
  Sigmund (D:3)
  A hound (D:4)
  2 adders (D:3)
  A worm (D:3)
  A giant gecko (D:3)
  An orc (D:3)
  5 goblins
  4 hobgoblins
  A kobold (D:3)
  A quokka (D:3)
  4 bats
  A giant cockroach (D:3)
  4 giant newts
  A rat (D:1)
28 creatures vanquished.

Action                   |  1- 3 |  4- 6 || total
-------------------------+-------+-------++-------
Melee: War axe           |    74 |    31 ||   105
  Use: Potion            |     3 |     1 ||     4
 Stab: Invisible         |       |     1 ||     1

Vault maps used:
D:1:      dpeg_arrival_fog, minmay_misc_feat_five
D:2:      nicolae_overflow_hidden_temple, overflow_temple_1_default
D:3:      zin_purify, nicolae_overflow_crystal_walls,
          nicolae_qazlal_eye_of_the_storm, uniq_sigmund
D:4:      minmay_temple_entry_from_below_a, serial_glass, glass_columns_a,
          glass_columns_a, glass_columns_a, glass_columns_a, first_bread,
          uniq_edmund, uniq_pikel, uniq_robin, uniq_grinder
